 Dungeon Crawl Stone Soup version 0.29.1-13-g9f3cf754e1 (webtiles) character file.

Game seed: 5755240930143885865

104 xian the Trooper (level 4, -8/35 (40) HPs)
             Began as a Draconian Abyssal Knight on Feb 7, 2023.
             Was a Priest of Lugonu.
             Mangled by an iguana (12 damage)
             ... on level 3 of the Dungeon.
             The game lasted 00:05:42 (2496 turns).

xian the Trooper (Draconian Abyssal Knight)         Turns: 2496, Time: 00:05:43

HP:   -8/35 (40)    AC:  5    Str: 17    XL:     4   Next: 52%
MP:   5/5           EV: 10    Int: 10    God:    Lugonu [***...]
Gold: 183           SH:  7    Dex: 12    Spells: 3/3 levels left

rFire   . . .      SeeInvis .   m - +0 falchion (distort)
rCold   . . .      Faith    .   c - +0 kite shield
rNeg    . . .      Spirit   .   (body armour unavailable)
rPois   .          Reflect  .   (helmet restricted)
rElec   .          Harm     .   (no cloak)
rCorr   .          Rampage  .   (no gloves)
Will    .....                   (no boots)
Stlth   +.........              n - amulet of regeneration
HPRegen 0.91/turn               (no ring)
MPRegen 0.09/turn               (no ring)

@: lethally poisoned (-8 -> -9), attractive, hasted, heavily drained, very quick
A: AC +5, unfitting armour, cold-blooded
a: Renounce Religion, Depart the Abyss, Bend Space, Banish


You were on level 3 of the Dungeon.
You worshipped Lugonu.
Lugonu was most pleased with you.
You visited 1 branch of the dungeon, and saw 4 of its levels.
You visited the Abyss 1 time.

You collected 183 gold pieces.

Inventory:

Hand Weapons
 a - a +1 hand axe
 m - a +0 falchion of distortion (weapon)
Missiles
 k - 28 stones
Armour
 c - a +0 kite shield (worn)
Jewellery
 n - an amulet of regeneration (around neck)
Scrolls
 b - 2 scrolls of butterflies {unknown}
 f - 2 scrolls of teleportation {unknown}
 g - 3 scrolls of identify {unknown}
 i - a scroll of immolation {unknown}
 p - a scroll of magic mapping {unknown}
Potions
 d - a potion of attraction
 e - a potion of heal wounds {unknown}
 h - a potion of might {unknown}
 j - a potion of haste
 l - a potion of curing {unknown}
 o - a potion of mutation {unknown}


   Skills:
 + Level 4.1 Fighting
 + Level 0.7 Long Blades
 + Level 3.0 Axes
 + Level 2.8 Dodging
 + Level 0.2 Stealth
 + Level 0.6 Shields
 * Level 2.3 Invocations


You had 3 spell levels left.
You didn't know any spells.
Your spell library contained the following spells:

 Spells                   Type           Power      Damage    Failure   Level
 Summon Small Mammal      Summ           0%         N/A       80%         1
 Call Canine Familiar     Summ           0%         N/A       99%         3
 Summon Guardian Golem    Hex/Summ       0%         N/A       99%         3


Dungeon Overview and Level Annotations

Branches:
Dungeon (4/15)
 Temple: D:4-7

Altars:

Shops:
D:2 =

Annotations:
D:1 2 transporters
D:3 Grinder


Innate Abilities, Weirdness & Mutations

Your plain brown scales are hard. (AC +5)
You cannot fit into any form of body armour.
You are cold-blooded and may be slowed by cold attacks.


Message History

You block the scorpion's attack. You block the iguana's attack.
You see here an adder corpse.
There is a stone staircase leading up, spattered with blood here.
The scorpion stings you. The iguana bites you!
You climb upwards.
Level annotation: Grinder The kobold shouts!
There is a stone staircase leading down here.
You barely miss the iguana.
The iguana is heavily wounded.
The scorpion stings you.
You are poisoned.
The scorpion poisons you! You block the iguana's attack.
The scorpion stings you! The kobold hits you but does no damage.
You feel drained. The iguana barely misses you.
You hit the iguana but do no damage.
Space warps around the iguana.
The iguana is severely wounded.
You feel very sick. You block the scorpion's attack.
The kobold hits you with a +2 dagger of draining.
* * * LOW HITPOINT WARNING * * *
You feel drained.
* * * LOW HITPOINT WARNING * * *
You block the iguana's attack. You block the scorpion's attack.
It was a potion of haste.
You feel yourself speed up.
You feel sick.
A rat comes into view.
The kobold hits you with a +2 dagger of draining.
* * * LOW HITPOINT WARNING * * *
You feel drained. The scorpion closely misses you.
You block the iguana's attack.
It was a potion of attraction.
You feel attractive to monsters.
You feel sick.
The kobold hits you with a +2 dagger of draining.
* * * LOW HITPOINT WARNING * * *
You feel drained.
The scorpion stings you but does no damage.
The iguana bites you!
You die...

.....###.# #....# .....
#.# #..#.#.#.# ..... .#.#
#..#.#.#.# .... ...#
#..#.#.#.#
#..####..#.#.#.#
#.....#..#.#.#.#
#........#r#.#.#########
.........sK.#.#.........#
[........@l....5.....#
########.####.#...##.#
..........#......#
#######.#.#....#$#
......#†#....#...
###...#....######.
#.................
#.#......#.#######
#.########.#


You could see Grinder, a scorpion, an iguana, a kobold and a rat (wandering).

Vanquished Creatures
  5 adders
  A worm (D:2)
  2 dart slugs
  3 orcs (D:3)
  4 ball pythons
  4 endoplasms
  3 goblins
  8 hobgoblins
  2 jackals (D:2)
  5 kobolds (D:2)
  A quokka (D:3)
  A bat (D:3)
  3 frilled lizards (D:3)
  8 rats
50 creatures vanquished.

Notes
Turn   | Place    | Note
-------+----------+-------------------------------------------
     0 | Abyss:1  | xian the Draconian Abyssal Knight began the quest for the
                  | Orb.
     0 | Abyss:1  | Reached XP level 1. HP: 19/19 MP: 2/2
     1 | D:1      | Escaped the Abyss
     1 | D:1      | Found a transporter.
     1 | D:1      | Found a transporter.
   573 | D:2      | Reached XP level 2. HP: 26/26 MP: 3/3
   581 | D:2      | HP: 1/26 [worm (7)]
  1052 | D:2      | Found a faded altar of an unknown god.
  1070 | D:2      | Reached skill level 4 in Fighting
  1070 | D:2      | Reached XP level 3. HP: 32/33 MP: 4/4
  1461 | D:2      | Found Pywauc's Jewellery Emporium.
  1612 | D:2      | Reached *** piety under Lugonu
  2182 | D:3      | Reached XP level 4. HP: 32/40 MP: 5/5
  2426 | D:3      | Noticed Grinder
  2479 | D:4      | Noticed a scorpion
  2496 | D:3      | Mangled by an iguana

Illustrated notes

Levels and vault maps discovered:
D:1:      spicycebolla_arrival_transporter_tutorial, layout_rooms
D:2:      layout_basic, hellmonk_ecumenical_altar_zigzags, serial_shops, shop,
          st_stairs_10, minmay_goblin_kobold_house
D:3:      layout_basic, tso_altar, wad_floor_pattern_2, uniq_grinder
D:4:      layout_gridville, mainiacjoe_overflow_small_starburst

Skill      XL: |  1  2  3  4 |
---------------+-------------+-----
Fighting       | 4 |  4.1
Axes           | 3 |  3.0
Long Blades    | |  0.7
Dodging        | |  2.8
Stealth        | |  0.2
Shields        | |  0.6
Invocations    | |  2.3

Action                   |  1- 3 |  4- 6 || total
-------------------------+-------+-------++-------
Melee: Hand axe          |    81 |       ||    81
       Tailslap          |    10 |     6 ||    16
       Falchion          |    22 |    37 ||    59
       Unarmed           |       |    10 ||    10
  Use: Potion            |       |     2 ||     2
 Stab: Sleeping          |     1 |       ||     1
Armor: Skin              |    32 |    15 ||    47
Dodge: Dodged            |    65 |    40 ||   105
Block: Kite shield       |    34 |    23 ||    57
